 Dungeon Crawl Stone Soup version 0.27-a0-1312-g5cdb2b3542 (webtiles) character file.

Game seed: 12112805957428060661

67 Demosthentine the Poker (level 4, -1/35 HPs)
             Began as a Merfolk Gladiator on June 20, 2021.
             Killed from afar by Sigmund (9 damage)
             ... with a puff of flame
             ... on level 2 of the Dungeon.
             The game lasted 00:01:56 (1887 turns).

Demosthentine the Poker (Merfolk Gladiator)         Turns: 1887, Time: 00:01:57

Health: -1/35      AC:  4    Str: 15    XL:     4   Next: 18%
Magic:  4/4        EV: 13    Int:  7    God:
Gold:   34         SH:  0    Dex: 15    Spells: 3/3 levels left

rFire    . . .     SeeInvis .   a - +0 trident
rCold    . . .     Faith    .   (no shield)
rNeg     . . .     Spirit   .   b - +0 leather armour
rPois    .         Reflect  .   c - +0 helmet
rElec    .         Harm     .   (no cloak)
rCorr    .         Rampage  .   (no gloves)
Will     .....                  (no boots)
Stlth    +.........             (no amulet)
HPRegen  0.11/turn              (no ring)
MPRegen  0.09/turn              (no ring)

@: lethally poisoned (-1 -> -9)
A: (nimble swimmer 2), mertail
a: no special abilities


You were on level 2 of the Dungeon.
You visited 1 branch of the dungeon, and saw 2 of its levels.

You collected 45 gold pieces.
You spent 11 gold pieces at shops.

Inventory:

Hand Weapons
 a - a +0 trident (weapon)
Missiles
 d - 2 throwing nets (quivered)
Armour
 b - a +0 leather armour (worn)
 c - a +0 helmet (worn)
Jewellery
 i - a ring of flight
Scrolls
 g - a scroll of identify
Potions
 e - a potion of brilliance {unknown}
 f - 2 potions of heal wounds
 h - a potion of ambrosia {unknown}


   Skills:
 + Level 3.0 Fighting
 + Level 5.1 Polearms
 - Level 2.0 Throwing
 + Level 1.1 Armour
 + Level 4.8 Dodging


You had 3 spell levels left.
You didn't know any spells.
Your spell library was empty.

Dungeon Overview and Level Annotations

Branches:
Dungeon (2/15)

Altars:

Shops:
D:1 !

Annotations:
D:2 Sigmund


Innate Abilities, Weirdness & Mutations

((You are quick and stealthy near water. (Stealth+, EV+, Speed+++)))
Your lower body shifts to a powerful aquatic tail in water.


Message History

a +2 dagger of speed; a +0 robe
f - 2 potions of heal wounds (gained 1)
You open the door.
There is an open door here.
You open the door.
There is an open door here.
Sigmund is nearby!
Sigmund is nearby!
Sigmund is nearby!
Sigmund is nearby!
Sigmund shouts!
Sigmund gestures at you while chanting. The puff of flame hits you!
Sigmund hits you from afar with a +3 scythe of venom!
You are lethally poisoned!
Throw: 3 throwing nets
Press: ? - help, Q - select action Shift-Dir - straight line, f - Sigmund
Aim: Sigmund, wielding a +3 scythe of venom and wearing a +0 robe (57% to hit)
You throw a throwing net. The throwing net hits Sigmund.
Sigmund is caught in the net!
You feel very sick.
Okay, then.
Reach: a) +0 trident
Press: ? - help, Dir - move target, f/p - Sigmund
Aim: Sigmund, wielding a +3 scythe of venom and wearing a +0 robe (entangled in a net, about 10% to evade your +0 trident)
You reach to attack!
You hit Sigmund but do no damage.
* * * LOW HITPOINT WARNING * * *
You feel very sick.
Sigmund screams, "Don't try to resist!"
Sigmund points at you and mumbles some strange words.
You resist with some effort.
Sigmund struggles against the net.
Reach: a) +0 trident
Press: ? - help, Dir - move target, f/p - Sigmund
Aim: Sigmund, wielding a +3 scythe of venom and wearing a +0 robe (entangled in a net, about 10% to evade your +0 trident)
You reach to attack!
You hit Sigmund but do no damage.
* * * LOW HITPOINT WARNING * * *
You feel sick.
Sigmund points at you and mumbles some strange words.
The puff of flame hits you!
You die...

######### ##.......#
.. #..#####.#
......#.#####.########
.....###@............#
..###.#....##.######.#
. #...@..#.#
##....##.# #.......#
###.##### .# #.# ###
## #.## ##'## ..# (.
...# ##...## #.#


You could see Sigmund (caught).

Vanquished Creatures
  Jessica (D:2)
  A worm (D:2)
  4 ball pythons (D:1)
  6 endoplasms
  2 giant cockroaches
  2 goblins
  2 hobgoblins
  6 jackals (D:1)
  2 quokkas
  2 bats (D:1)
  3 frilled lizards
  3 kobolds (D:1)
34 creatures vanquished.

Notes
Turn   | Place    | Note
-------+----------+-------------------------------------------
     0 | D:1      | Demosthentine the Merfolk Gladiator began the quest for the
                  | Orb.
     0 | D:1      | Reached XP level 1. HP: 16/16 MP: 1/1
    71 | D:1      | Reached XP level 2. HP: 14/23 MP: 2/2
  1030 | D:1      | Reached XP level 3. HP: 27/28 MP: 3/3
  1055 | D:1      | Found Xuaret's Distillery.
  1063 | D:1      | Bought a potion of degeneration for 11 gold pieces
  1651 | D:2      | Noticed Sigmund
  1770 | D:2      | Reached skill level 1 in Armour
  1795 | D:2      | Noticed Jessica
  1804 | D:2      | Killed Jessica
  1805 | D:2      | Reached skill level 5 in Polearms
  1805 | D:2      | Reached XP level 4. HP: 35/35 MP: 4/4
  1887 | D:2      | Killed from afar by Sigmund

Illustrated notes

Levels and vault maps discovered:
D:1:      matt_arrival_los_fun, layout_basic, serial_shops, nicolae_shop_trees,
          chequers_serial_rivers_small_b
D:2:      layout_loops_corners, uniq_jessica, uniq_terence, uniq_sigmund

Skill      XL: |  1  2  3 |
---------------+----------+-----
Armour         | 1 |  1.1
Fighting       | 3 |  3.0
Polearms       | 5 |  5.1
Throwing       | |  2.0
Dodging        | |  4.8

Action                   |  1- 3 |  4- 6 || total
-------------------------+-------+-------++-------
Melee: Trident           |   102 |     2 ||   104
Throw: Throwing net      |       |     1 ||     1
  Use: Scroll            |     3 |       ||     3
 Stab: Sleeping          |     1 |       ||     1
Armor: Leather armour    |    21 |       ||    21
Dodge: Dodged            |    50 |       ||    50

Table legend: (Time is in decaauts)
 A = Elapsed time spent in this place.
 B = Non-inter-level travel time spent in this place.
 C = Inter-level travel time spent in this place.
 D = Time resting spent in this place.
 E = Time spent auto-exploring this place.
 F = Levels seen in this place.
 G = Mean time per level.
                   A        B        C        D        E       F      G
               +--------+--------+--------+--------+--------+-----+--------+
         Total |   1889 |   1871 |     18 |      0 |   1601 |   2 |  944.5 |
       Dungeon |   1889 |   1871 |     18 |      0 |   1601 |   2 |  944.5 |
               +--------+--------+--------+--------+--------+-----+--------+

Top non-repeatable levels by time:
     D:1: 1465 daAuts
     D:2: 424 daAuts
